 Dungeon Sprint DCSS version 0.21-a0-274-gc1afaeb (webtiles) character file.

46 potatolord6000 the Skirmisher (level 3, -1/36 HPs)
             Began as a Hill Orc Monk on Sept 19, 2017.
             Was a Priest of Beogh.
             Killed by divine providence
             ... invoked by an orc priest
              (11 damage)
             ... in the Dungeon (Sprint VII: "The Pits").
             The game lasted 00:02:26 (302 turns).

potatolord6000 the Skirmisher (Hill Orc Monk)        Turns: 302, Time: 00:02:27

Health: -1/36      AC: 20    Str: 14    XL:     3   Next: 66%
Magic:  5/5        EV:  4    Int: 10    God:    Beogh [***...]
Gold:   0          SH:  0    Dex: 13    Spells: 2/2 levels left

rFire    . . .     SeeInvis .   d - +2 mace (protect)
rCold    . . .     Gourm    .   (no shield)
rNeg     . . .     Faith    .   o - +2 plate armour
rPois    .         Spirit   .   (no helmet)
rElec    .         Reflect  .   (no cloak)
rCorr    .         Harm     .   (no gloves)
MR       .....     NoTele   +   (no boots)
Stlth    ..........             (no amulet)
HPRegen  0.12/turn              (no ring)
MPRegen  0.09/turn              (no ring)

@: protection aura, drained
A: no striking features
a: Smiting, Renounce Religion


You were in the Dungeon.
You worshipped Beogh.
Beogh was most pleased with you.
You were not hungry.

You visited 1 branch

Inventory:

Hand Weapons
 d - a +2 mace of protection (weapon)
Armour
 o - a +2 plate armour (worn)
Scrolls
 e - 3 scrolls of remove curse
 i - a scroll of blinking
 j - 5 scrolls of amnesia
 k - a scroll of summoning
Potions
 a - 2 potions of invisibility
 f - 6 potions of curing
 g - 3 potions of magic
 h - 3 potions of berserk rage
 n - 4 potions of heal wounds
Comestibles
 c - 8 bread rations
 l - 40 fruits
 m - 7 meat rations


   Skills:
 + Level 5.6(5.3) Fighting
   Level 5.1(5.2) Axes
 + Level 2.6(3.5) Maces & Flails
 + Level 3.6(3.3) Armour
 - Level 2.4(2.1) Dodging
 - Level 1.5(1.2) Stealth
 + Level 3.3(3.0) Invocations


You had 2 spell levels left.
You didn't know any spells.

Dungeon Overview and Level Annotations

Branches:
Dungeon (1/1)

Altars:
Ashenzari
Cheibriados
Dithmenos
Elyvilon
Fedhas
Gozag
Hepliaklqana
Kikubaaqudgha
Makhleb
Nemelex Xobeh
Okawaru
Qazlal
Ru
Sif Muna
Trog
Uskayaw
Vehumet
Wu Jian
Xom
Yredelemnul
Zin
The Shining One
Beogh
Jiyva
Lugonu

Annotations:
D Grinder


Message History

Unknown command.
You sock the wight!
The wight is severely damaged.
The ooze hits you but does no damage.
The orc priest looks satisfied for a moment.
The wight hits you with an enchanted long sword.
Unknown command.
Your plate armour prevents you from hitting the wight.
The wight is severely damaged.
The ooze hits you but does no damage.
The orc priest calls down the wrath of Beogh upon you.
Beogh smites you!
The wight hits you with an enchanted long sword!
* * * LOW HITPOINT WARNING * * *
You hit the wight but do no damage.
The wight is severely damaged.
The orc priest mumbles some strange prayers to Beogh against you.
Beogh smites you!
You die...
Beogh appreciates the orc priest's killing of a heretic priest.

#.#.†#).#[[##.....
#.#..'..#))#####'#
#.#..####))##.....
#.#..#..#))##.....
#.#..#..#..##.....
#.##'#†.#'###...<.
#.#........##.....
#o#........##.....
#@###########.....
#zJz{5..# ######
#ozzo...#
#zo5#...# #..##
..# #... .# #... #
#....


You could see Grinder, 5 wights, 2 orc priests, an ooze, a white imp, an orc and
a friendly orc.

Vanquished Creatures
  A crimson imp (D)
  A river rat (D)
  An ooze (D)
  2 leopard geckos (D)
  An orc (D)
  A goblin (D)
  A giant cockroach zombie (D)
  A rat (D)
9 creatures vanquished.

Notes
Turn   | Place    | Note
-------+----------+-------------------------------------------
     0 | D        | potatolord6000 the Hill Orc Monk began the quest for the Orb.
     0 | D        | Reached XP level 1. HP: 19/19 MP: 1/1
    24 | D        | Reached skill level 5 in Axes
    24 | D        | Reached XP level 2. HP: 28/28 MP: 2/2
    59 | D        | Found a bloodstained altar of Trog.
    59 | D        | Found a deep blue altar of Sif Muna.
    59 | D        | Found a viscous altar of Jiyva.
    59 | D        | Found a hazy altar of Hepliaklqana.
    59 | D        | Found an opulent altar of Gozag.
    60 | D        | Found a glowing golden altar of the Shining One.
    60 | D        | Found a glowing silver altar of Zin.
    60 | D        | Found a basalt altar of Yredelemnul.
    60 | D        | Found a shimmering altar of Xom.
    60 | D        | Found an ornate altar of the Wu Jian Council.
    60 | D        | Found a sacrificial altar of Ru.
    60 | D        | Found a stormy altar of Qazlal.
    60 | D        | Found an iron altar of Okawaru.
    60 | D        | Found a sparkling altar of Nemelex Xobeh.
    60 | D        | Found a burning altar of Makhleb.
    60 | D        | Found a blossoming altar of Fedhas.
    60 | D        | Found a white marble altar of Elyvilon.
    60 | D        | Found a shadowy altar of Dithmenos.
    60 | D        | Found a snail-covered altar of Cheibriados.
    63 | D        | Found a corrupted altar of Lugonu.
    63 | D        | Found a radiant altar of Vehumet.
    63 | D        | Found a roughly hewn altar of Beogh.
    64 | D        | Found an ancient bone altar of Kikubaaqudgha.
    64 | D        | Found a hide-covered altar of Uskayaw.
    64 | D        | Found a shattered altar of Ashenzari.
    72 | D        | Became a worshipper of Beogh the Brigand
    72 | D        | Reached * piety under Beogh
    72 | D        | Reached ** piety under Beogh
    94 | D        | Reached skill level 1 in Invocations
   105 | D        | Reached *** piety under Beogh
   108 | D        | Reached skill level 1 in Maces & Flails
   159 | D        | Noticed a crimson imp
   167 | D        | Reached skill level 5 in Fighting
   174 | D        | Killed a crimson imp
   174 | D        | Reached **** piety under Beogh
   174 | D        | Reached XP level 3. HP: 24/36 MP: 3/5
   285 | D        | Noticed Grinder
   302 | D        | Killed from afar by an orc priest

Vault maps used:
D:        pitsprint

Skill      XL: |  1  2 |
---------------+-------+-----
Fighting       | 4 5 |  5.6
Axes           | 5 |  5.1
Armour         | 2 3 |  3.6
Invocations    | 3 |  3.3
Maces & Flails | 2 |  2.6
Dodging        | |  2.4
Stealth        | |  1.5

Action                   || total
-------------------------++-------
Melee: Hand axe          ||     8
       Mace              ||    35
Invok: Smiting           ||     1
  Use: Potion            ||     4
 Stab: Distracted        ||     1
Armor: Robe              ||    13
       Plate armour      ||    20
Dodge: Dodged            ||    40

Table legend:
 A = Spawn XP
 B = Non-spawn XP
 C = Spawn XP percentage of total XP
 D = Spawn monster count
 E = Non-spawn monster count
 F = Spawn count percentage of total count
 G = Total turns spent on level
                    A         B        C        D         E        F      G
               +---------+---------+-------+---------+---------+-------+---------
         Total |       0 |      66 |   0.0 |       0 |       9 |   0.0 |   302
               +---------+---------+-------+---------+---------+-------+---------
             D |       0 |      66 |   0.0 |       0 |       9 |   0.0 |   302
               +---------+---------+-------+---------+---------+-------+---------
